 Dungeon Crawl Stone Soup version 0.21-a0-426-g98080a9 (webtiles) character file.

1897 mastercheaf21 the Basher (level 8, -3/71 HPs)
             Began as a Minotaur Berserker on Nov 6, 2017.
             Was an Elder of Trog.
             Killed from afar by an orc wizard (7 damage)
             ... with a magic dart
             ... on level 6 of the Dungeon.
             The game lasted 00:25:19 (5871 turns).

mastercheaf21 the Basher (Minotaur Berserker)       Turns: 5871, Time: 00:25:26

Health: -3/71      AC: 11    Str: 25    XL:     8   Next: 93%
Magic:  7/7        EV:  7    Int:  4    God:    Trog [****..]
Gold:   405        SH: 10    Dex:  9    Spells: 7/7 levels left

rFire    + . .     SeeInvis .   C - +0 flail
rCold    x . .     Gourm    .   s - +0 shield
rNeg     . . .     Faith    .   D - +0 chain mail
rPois    .         Spirit   .   (helmet restricted)
rElec    .         Reflect  .   x - +0 cloak
rCorr    .         Harm     .   (no gloves)
MR       .....                  F - +0 pair of boots
Stlth    ..........             (no amulet)
HPRegen  0.21/turn              y - ring of fire
MPRegen  0.10/turn              (no ring)

@: lethally poisoned (-3 -> -12), berserk cooldown, slowed, very slow
A: retaliatory headbutt, horns 2
a: Berserk, Trog's Hand, Brothers in Arms, Burn Spellbooks, Renounce Religion


You were on level 6 of the Dungeon.
You worshipped Trog.
Trog was greatly pleased with you.
You were hungry.

You visited 1 branch of the dungeon, and saw 6 of its levels.
You also visited: Sewer.

You collected 405 gold pieces.

Inventory:

Hand Weapons
 w - a +2 quarterstaff of chaos
 z - a +0 blowgun
 C - a +0 flail (weapon)
 I - a +1 war axe of chopping
 N - a +0 battleaxe
 Q - a +1 short sword of holy wrath
Missiles
 i - 4 tomahawks (quivered)
 k - 2 throwing nets
 u - 3 large rocks
 A - 22 poisoned needles
Armour
 s - a +0 shield (worn)
 x - a +0 cloak (worn)
 D - a +0 chain mail (worn)
 F - a +0 pair of boots (worn)
Jewellery
 y - a ring of fire (left hand)
Wands
 G - a wand of polymorph (11/24)
 J - a wand of paralysis (16/24)
 K - a wand of flame (12/48)
Scrolls
 a - a scroll of fog {unknown}
 b - 2 scrolls of recharging {unknown}
 f - 4 scrolls of identify {unknown}
 g - a scroll of enchant armour {unknown}
 h - 4 scrolls of teleportation {unknown}
 m - 3 scrolls of blinking {unknown}
 n - 2 scrolls of remove curse {unknown}
 t - 3 scrolls of noise {unknown}
 E - 2 scrolls of immolation {unknown}
 L - 2 scrolls of enchant weapon {unknown}
 M - a scroll of fear {unknown}
Potions
 d - 2 potions of agility {unknown}
 e - 3 potions of curing {unknown}
 l - a potion of mutation {unknown}
 o - a potion of ambrosia {unknown}
 p - a potion of degeneration {unknown}
 q - 2 potions of might {unknown}
 r - a potion of flight {unknown}
 v - a potion of heal wounds {unknown}
 H - 2 potions of magic {unknown}
 O - a potion of haste {unknown}
 R - a potion of brilliance {unknown}
Comestibles
 c - 3 bread rations
 j - 2 fruits
 B - 2 meat rations
 P - 9 chunks of flesh


   Skills:
 + Level 6.3 Fighting
 * Level 11.9 Maces & Flails
 + Level 0.5 Throwing
 - Level 2.4 Armour
 - Level 2.1 Dodging
 + Level 0.5 Stealth
 + Level 5.0 Shields


You had 7 spell levels left.
You didn't know any spells.

Dungeon Overview and Level Annotations

Branches:
Dungeon (6/15)
 Temple: D:4-7

Altars:
Ashenzari
Elyvilon
Hepliaklqana
Kikubaaqudgha
Makhleb
Xom

Shops:
D:4 [   D:6 [


Innate Abilities, Weirdness & Mutations

You reflexively headbutt those who attack you in melee.
You have a pair of horns on your head.


Message History

You are no longer berserk.
You pass out from exhaustion.
You feel yourself slow down.
The orc wizard hits you but does no damage.
You feel sick.
The orc wizard hits you with a dagger of venom.
* * * LOW HITPOINT WARNING * * *
You are lethally poisoned!
You can move again.
An adder comes into view.
Things that are here:
a trident; a plate armour; an orc corpse You barely miss the orc wizard.
* * * LOW HITPOINT WARNING * * *
You feel sick.
The adder hisses angrily.
You block the orc wizard's attack. The orc wizard casts a spell at you.
The magic dart hits you!
You die...

#.########
#.# #.#
#.# ####
#.# #...##
#.##..S..#
#.#....#..
#))....##.
##@o...###
#n.###.##
#...###.#
#.#..####
#........
##...####
..###.#
.###.##


You could see a necrophage, an orc wizard and an adder.

Vanquished Creatures
  An orc warrior (D:6)
  A phantom (D:4)
  3 ogres
  2 centaurs
  Blork the orc (D:6)
  2 big kobolds (Sewer)
  A bullfrog (D:6)
  A water moccasin skeleton (D:4)
  A scorpion (D:5)
  A howler monkey (D:5)
  A bullfrog zombie (D:5)
  A jelly (D:5)
  4 orc priests
  2 hounds (D:4)
  Crazy Yiuf (D:2)
  A bullfrog skeleton (D:5)
  Jessica (D:3)
  5 orc wizards
  3 worker ants
  A hound zombie (D:6)
  A hound skeleton (D:5)
  A worker ant zombie (D:6)
  7 gnolls
  9 adders
  2 river rats
  2 shadow imps (D:5)
  4 oozes
  4 worms
  2 dart slugs
  2 leopard geckos (D:3)
  15 orcs
  8 giant cockroaches
  5 goblins
  6 hobgoblins
  13 jackals
  5 quokkas
  5 ball pythons
  7 bats
  2 frilled lizards (D:2)
  10 kobolds
  A leopard gecko skeleton (D:5)
  A leopard gecko zombie (D:5)
  10 rats
  A bush (D:2)
  6 fungi
  A plant (D:3)
164 creatures vanquished.

Notes
Turn   | Place    | Note
-------+----------+-------------------------------------------
     0 | D:1      | mastercheaf21 the Minotaur Berserker began the quest for the Orb.
     0 | D:1      | Reached XP level 1. HP: 19/19 MP: 0/0
    51 | D:1      | Reached skill level 4 in Maces & Flails
   374 | D:1      | Reached XP level 2. HP: 27/27 MP: 1/1
  1192 | D:2      | Reached XP level 3. HP: 33/33 MP: 2/2
  2018 | D:2      | Found a runed door.
  2022 | D:2      | Noticed Crazy Yiuf
  2026 | D:2      | Killed Crazy Yiuf
  2026 | D:2      | Reached skill level 5 in Maces & Flails
  2026 | D:2      | Reached XP level 4. HP: 29/41 MP: 3/3
  2094 | D:3      | Noticed Jessica
  2099 | D:3      | Killed Jessica
  2102 | D:3      | Reached skill level 6 in Maces & Flails
  2105 | D:3      | Reached ** piety under Trog
  2221 | D:3      | Reached XP level 5. HP: 47/47 MP: 4/4
  2342 | D:3      | Found a burning altar of Makhleb.
  2342 | D:3      | Found a white marble altar of Elyvilon.
  2373 | D:3      | Found an ancient bone altar of Kikubaaqudgha.
  2962 | D:4      | Found a shimmering altar of Xom.
  2964 | D:4      | Found a hazy altar of Hepliaklqana.
  2964 | D:4      | Noticed a yak
  2965 | D:4      | Noticed a yak
  2965 | D:4      | Noticed a spectral ugly thing
  2978 | D:4      | Reached skill level 5 in Fighting
  3015 | D:4      | Reached skill level 7 in Maces & Flails
  3021 | D:4      | Reached skill level 1 in Shields
  3021 | D:4      | Reached XP level 6. HP: 19/56 MP: 5/5
  3483 | D:4      | Found Okif's Antique Armour Shop.
  3513 | D:4      | Reached skill level 8 in Maces & Flails
  3527 | D:4      | Reached XP level 7. HP: 58/61 MP: 6/6
  3732 | D:5      | Entered Level 5 of the Dungeon
  3824 | D:5      | Reached skill level 9 in Maces & Flails
  4049 | D:5      | Reached *** piety under Trog
  4184 | D:5      | Found a shattered altar of Ashenzari.
  4502 | D:6      | Noticed Blork the orc
  4505 | D:6      | Reached skill level 10 in Maces & Flails
  4505 | D:6      | Reached XP level 8. HP: 62/70 MP: 7/7
  4516 | D:6      | Killed Blork the orc
  4672 | D:6      | Found Epreethoshro's Armour Boutique.
  4797 | D:6      | Found a glowing drain.
  4822 | Sewer    | Entered a sewer
  5267 | Sewer    | Reached **** piety under Trog
  5343 | Sewer    | Reached skill level 11 in Maces & Flails
  5868 | D:6      | Reached skill level 5 in Shields
  5871 | D:6      | Killed from afar by an orc wizard

Vault maps used:
D:1:      dpeg_arrival_arbitrary_a
D:2:      minmay_misc_feat_pillars, uniq_crazy_yiuf_cottage
D:3:      gammafunk_temple_overflow_forgotten, minmay_gold_behind_fungi,
          uniq_jessica
D:4:      regret_index_temple_of_mockery, serial_shops, shop
D:5:      first_bread, cheibrodos_ashenzari_chains, uniq_ijyb
D:6:      portal_sewer_entry_b, serial_shops, nicolae_shop_waterfront,
          kb_rosetta, uniq_blork_the_orc, uniq_edmund
Sewer:    sewer_co_tree

Skill      XL: |  1  2  3  4  5  6  7  8 |
---------------+-------------------------+-----
Maces & Flails | 4 5 6 7 8 10 11 | 11.9
Fighting       | 4 5 6 |  6.3
Shields        | 1 2 3 5 |  5.0
Throwing       | |  0.5
Armour         | |  2.4
Dodging        | |  2.1
Stealth        | |  0.5

Action                   |  1- 3 |  4- 6 |  7- 9 || total
-------------------------+-------+-------+-------++-------
Melee: Mace              |   130 |    61 |       ||   191
       Headbutt          |    36 |    29 |    32 ||    97
       Flail             |       |    70 |   263 ||   333
Throw: Tomahawk          |       |       |     2 ||     2
Invok: Berserk           |       |     2 |     1 ||     3
       Burn Spellbooks   |       |       |     1 ||     1
  Eat: Chunk             |     3 |     6 |     4 ||    13
       Fruit             |     1 |       |       ||     1
       Bread ration      |       |       |     1 ||     1
Armor: Ring mail         |    15 |       |       ||    15
       Scale mail        |     1 |    23 |       ||    24
       Chain mail        |       |    43 |   105 ||   148
Dodge: Dodged            |    28 |    34 |    73 ||   135
Block: Shield            |     2 |    45 |   116 ||   163

Table legend:
 A = Spawn XP
 B = Non-spawn XP
 C = Spawn XP percentage of total XP
 D = Spawn monster count
 E = Non-spawn monster count
 F = Spawn count percentage of total count
 G = Total turns spent on level
                    A         B        C        D         E        F      G
               +---------+---------+-------+---------+---------+-------+---------
         Total |       0 |    2710 |   0.0 |       0 |     156 |   0.0 |  5871
               +---------+---------+-------+---------+---------+-------+---------
           D:1 |       0 |      26 |   0.0 |       0 |      11 |   0.0 |   945
           D:2 |       0 |      78 |   0.0 |       0 |      23 |   0.0 |  1146
           D:3 |       0 |     137 |   0.0 |       0 |      27 |   0.0 |   842
           D:4 |       0 |     525 |   0.0 |       0 |      22 |   0.0 |   799
           D:5 |       0 |     605 |   0.0 |       0 |      17 |   0.0 |   684
           D:6 |       0 |    1001 |   0.0 |       0 |      28 |   0.0 |   818
         Sewer |       0 |     338 |   0.0 |       0 |      28 |   0.0 |   637
               +---------+---------+-------+---------+---------+-------+---------
